 Dungeon Crawl Stone Soup version 0.30-a0-760-g5a9884bb7c (webtiles) character file.

Game seed: 4679565507697044700

23 funkygono the Firebug (level 3, 0/19 HPs)
             Began as a Gargoyle Fire Elementalist on Feb 10, 2023.
             Slain by a worm (8 damage)
             ... on level 2 of the Dungeon.
             The game lasted 00:01:32 (1483 turns).

funkygono the Firebug (Gargoyle Fire Elementalist)  Turns: 1483, Time: 00:01:32

Health: 0/19       AC:  7    Str: 11    XL:     3   Next: 0%
Magic:  0/6        EV: 12    Int: 17    God:
Gold:   86         SH:  0    Dex: 16    Spells: 3/6 levels left

rFire   . . .      SeeInvis .    d - +0 club
rCold   . . .      Faith    .    (no shield)
rNeg    + . .      Spirit   .    a - +0 robe
rPois   ∞          Reflect  .    (no helmet)
rElec   +          Harm     .    i - +0 cloak
rCorr   .          Rampage  .    p - +0 pair of gloves
Will    .....                    (no boots)
Stlth   ++                       (no amulet)
HPRegen 0.23/turn                n - +6 ring of dexterity
MPRegen 0.10/turn                (no ring)

@: no status effects
A: sickness immunity, AC +3, negative energy resistance 1, electricity
resistance, torment resistance 1, petrification resistance
a: no special abilities


You were on level 2 of the Dungeon.
You visited 1 branch of the dungeon, and saw 2 of its levels.

You collected 86 gold pieces.

Inventory:

Hand Weapons
 d - a +0 club (weapon)
Armour
 a - a +0 robe (worn)
 i - a +0 cloak (worn)
 p - a +0 pair of gloves (worn)
Jewellery
 n - a +6 ring of dexterity (left hand)
Scrolls
 c - a scroll of fog {unknown}
 g - a scroll of vulnerability {unknown}
 j - a scroll of butterflies {unknown}
 k - a scroll of fear {unknown}
 l - a scroll of poison {unknown}
 m - a scroll of identify {unknown}
 o - a scroll of brand weapon {unknown}
Potions
 b - 3 potions of magic
 e - 2 potions of curing {unknown}
 f - a potion of heal wounds {unknown}
 h - a potion of flight {unknown}


   Skills:
 + Level 0.2 Maces & Flails
 + Level 1.7 Dodging
 - Level 2.1 Stealth
 + Level 2.2 Spellcasting
 + Level 1.2 Conjurations
 + Level 3.6 Fire Magic


You had 3 spell levels left.
You knew the following spells:

 Your Spells              Type           Power      Damage    Failure   Level
a - Foxfire               Conj/Fire      40%        2x1d6     7%          1
b - Scorch                Fire           28%        2d6       6%          2

Your spell library contained the following spells:

 Spells                   Type           Power      Damage    Failure   Level
 Inner Flame              Hex/Fire       8%         N/A       26%         3
 Kindle Blastsparks       Fire/Tloc/Air  12%        2d11      34%         3
 Flame Wave               Conj/Fire      10%        2d6       56%         4


Dungeon Overview and Level Annotations

Branches:
Dungeon (2/15)

Altars:


Innate Abilities, Weirdness & Mutations

You are immune to sickness and miasma.
Your stone body is resilient. (AC +3)
You are immune to poison.
You resist negative energy. (rN+)
You are resistant to electric shocks. (rElec)
You are resistant to unholy torment.
You are immune to petrification.


Message History

You conjure some foxfire!
The foxfire hits the worm.
The worm is moderately wounded.
The foxfire hits the endoplasm.
The endoplasm is lightly wounded.
Casting: Foxfire (safe; 9% risk of failure)
Confirm with . or Enter, or press ? or * to list all spells.
You conjure some foxfire!
The endoplasm hits you but does no damage.
Casting: Foxfire (safe; 9% risk of failure)
Confirm with . or Enter, or press ? or * to list all spells.
You don't have enough magic to cast this spell.
Casting: Foxfire (safe; 9% risk of failure)
Confirm with . or Enter, or press ? or * to list all spells.
You don't have enough magic to cast this spell.
You hit the endoplasm but do no damage.
The endoplasm is lightly wounded.
The foxfire hits the endoplasm.
You kill the endoplasm!
The foxfire hits the worm.
The worm is moderately wounded.
The foxfire hits the worm.
The worm is moderately wounded.
The foxfire hits the worm.
The worm is heavily wounded.
The worm bites you!
Ouch! That really hurt!
You have reached level 3!
Your experience leads to an increase in your attributes!
Your base attributes are Str 11, Int 15, Dex 10.
Increase (S)trength, (I)ntelligence, or (D)exterity?
You feel clever. x2
Casting: Foxfire (safe; 7% risk of failure)
Confirm with . or Enter, or press ? or * to list all spells.
You conjure some foxfire!
The foxfire hits the worm.
The worm is severely wounded.
The foxfire hits the worm.
The worm is almost dead.
The worm bites you!
You die...

## ##### ... ....
#.# ... ... ..
#.###.# #..w..#
#..@.# #
......#§###
#.#######...#####
#.##+#...........
#......####.#####
##.....# .#
#.....# # ##
#....##.#
#....##.#


You could see a worm.

Vanquished Creatures
  A ball python (D:2)
  3 endoplasms
  A giant cockroach (D:1)
  2 goblins
  3 hobgoblins (D:1)
  A quokka (D:1)
  3 bats
  A frilled lizard (D:2)
  3 kobolds (D:1)
  4 rats
22 creatures vanquished.

Vanquished Creatures (collateral kills)
  3 foxfires (D:1)
3 creatures vanquished.

Vanquished Creatures (others)
  74 foxfires
74 creatures vanquished.

Grand Total: 99 creatures vanquished

Notes
Turn   | Place    | Note
-------+----------+-------------------------------------------
     0 | D:1      | funkygono the Gargoyle Fire Elementalist began the quest
                  | for the Orb.
     0 | D:1      | Reached XP level 1. HP: 10/10 MP: 3/3
   194 | D:1      | Reached XP level 2. HP: 15/15 MP: 1/5
   197 | D:1      | Learned a level 2 spell: Scorch
  1482 | D:2      | Reached XP level 3. HP: 7/19 MP: 1/6
  1483 | D:2      | Slain by a worm

Illustrated notes

Levels and vault maps discovered:
D:1:      ncdulo_watergridlock, layout_loops_ring,
          hangedman_decor_diamond_cutter, st_stairs_2, hangedman_glass_teeth,
          serial_bayou_pond_c, serial_bayou_lake_a
D:2:      layout_basic, kennysheep_generic_room_12, uniq_crazy_yiuf_cottage

Action                     || total
---------------------------++-------
  Melee: Club              ||     8
   Cast: Foxfire           ||    45
         Scorch            ||     2
 Armour: Robe              ||     6
  Dodge: Dodged            ||     7

Table legend: (Time is in decaauts)
 A = Elapsed time spent in this place.
 B = Non-inter-level travel time spent in this place.
 C = Inter-level travel time spent in this place.
 D = Time resting spent in this place.
 E = Time spent auto-exploring this place.
 F = Levels seen in this place.
 G = Mean time per level.
                   A        B        C        D        E       F      G
               +--------+--------+--------+--------+--------+-----+--------+
         Total |   1542 |   1511 |     31 |     17 |   1307 |   2 |  771.0 |
       Dungeon |   1542 |   1511 |     31 |     17 |   1307 |   2 |  771.0 |
               +--------+--------+--------+--------+--------+-----+--------+

Top non-repeatable levels by time:
     D:1: 1286 daAuts
     D:2: 255 daAuts
